Cogmind - Beta 10.2 --- EXPLORER MODE // 2022.01.15 @ 22:02:49 Player: xerxia Result: Destroyed by Y-54 Guardian with Flak Gun Performance ------------- Evolutions (3) 1500 Regions Visited (5) 1000 Robots Destroyed (35) 175 Value Destroyed (1265) 1265 Prototype IDs (4) 80 Alien Tech Used (0) 0 Bonus (24) 24 TOTAL SCORE: 4044 Bonus ------- High Alert Combat Kills 24 Cogmind --------- Core Integrity 0/700 Matter 98/300 Energy 7/100 System Corruption 4% Temperature Cool (6) Movement Flying (227) Ox3 Location -7/Factory Parts ------- > --- POWER (2) -------- (None) > --- PROPULSION (6) --- Cooled VTOL Module Cooled VTOL Module Cooled VTOL Module Cooled VTOL Module Cooled VTOL Module > --- UTILITY (4) ------ High-capacity Storage Unit > --- WEAPON (2) ------- (None) > --- INVENTORY (12) --- Light Ion Engine Light Nuclear Core Light Nuclear Core Light Nuclear Core VTOL Module Propulsion Shielding Precision Shock Rifle Peak State ------------ > --- POWER ------------ Light Nuclear Core > --- PROPULSION ------- Improved Carbon-fiber Leg Improved Titanium Leg Improved Titanium Leg Improved Titanium Leg VTOL Module > --- UTILITY ---------- Small Storage Unit Medium Storage Unit > --- WEAPON ----------- Precision Shock Rifle Scythe > --- INVENTORY -------- Light Ion Engine Light Nuclear Core Light Nuclear Core Light Nuclear Core Light Nuclear Core Light Nuclear Core VTOL Module High-capacity Storage Unit Propulsion Shielding Heavy Rocket Launcher [Rating: 33] Favorites ----------- Power Ion Engine Engine Ion Engine Power Core Light Nuclear Core Propulsion Carbon-fiber Leg Leg Carbon-fiber Leg Flight Unit VTOL Module Utility Medium Storage Unit Storage Medium Storage Unit Weapon Scythe Energy Gun Advanced Beam Rifle Ballistic Gun Light Assault Rifle Launcher Heavy Rocket Launcher Slashing Weapon Scythe Build | -11 -10 -9 -9 -8 -7 ------- Run | Scr Mat Mat Min Mat Fac Slots Evolved 7 | . 1 2 . 2 2 Power 1 | . 1 . . . . Propulsion 4 | . . 2 . 2 . Utility 2 | . . . . . 2 Weapon . | . . . . . . Parts Attached 37 | 6 . 5 . 9 17 Power 5 | 1 . . . 2 2 Engine 2 | 1 . . . 1 . Core 3 | . . . . 1 2 Reactor . | . . . . . . Propulsion 19 | 2 . 2 . 4 11 Treads . | . . . . . . Leg 12 | 2 . 2 . 4 4 Wheel . | . . . . . . Hover . | . . . . . . Flight 7 | . . . . . 7 Utility 3 | 1 . 1 . . 1 Device . | . . . . . . Storage 3 | 1 . 1 . . 1 Processor . | . . . . . . Hackware . | . . . . . . Protection . | . . . . . . Artifact . | . . . . . . Weapon 10 | 2 . 2 . 3 3 Energy Gun 5 | 2 . 2 . . 1 Energy Cannon . | . . . . . . Ballistic Gun 1 | . . . . 1 . Ballistic Cannon . | . . . . . . Launcher 3 | . . . . 1 2 Special Weapon . | . . . . . . Impact Weapon . | . . . . . . Slashing Weapon 1 | . . . . 1 . Piercing Weapon . | . . . . . . Special Melee Weapon . | . . . . . . Unidentified Prototypes 4 | . . 1 . 1 2 Parts Lost 25 | . 2 4 . 7 12 Power 4 | . . . . 1 3 Propulsion 13 | . . 2 . 5 6 Utility . | . . . . . . Weapon 8 | . 2 2 . 1 3 Highest Loss Streak 9 | . 2 4 . 3 9 Average Slot Usage (%) 58 | . 70 65 50 59 56 Engine 4 | . 12 10 10 2 . Core 2 | . . . . 1 6 Leg 23 | . 25 27 20 29 18 Flight 2 | . . . . . 5 Storage 14 | . 12 11 20 16 13 Energy Gun 4 | . 20 16 . . . Ballistic Gun 1 | . . . . 2 1 Launcher 2 | . . . . 4 2 Slashing Weapon 2 | . . . . 1 6 Naked Turns . | . . . . . . Heaviest Build 32 | 17 17 21 17 20 32 Greatest Support 86 | 20 20 46 26 86 78 Greatest Overweight (x) 7 | 4 . . . 1 7 Average Overweight (x) . | . . . . . . Largest Inventory Capacity 18 | 8 8 10 10 10 18 Average Capacity 9 | 7 8 8 10 10 10 Most Carried 10 | 5 6 9 10 10 10 Average Carried 7 | 3 4 7 9 6 9 Final Capacity 12 | 8 8 10 10 10 12 Final Carried 10 | 3 6 9 10 9 7 Class Distribution -------------------- 100% | Hacker-Mutant Dominant Class ---------------- Hacker-Mutant | -10/Materials Hacker-Mutant | -9/Materials Hacker-Mutant | -9/Mines Hacker-Mutant | -8/Materials Hacker-Mutant | -7/Factory Resources | -11 -10 -9 -9 -8 -7 ----------- Run | Scr Mat Mat Min Mat Fac Matter Collected 543 | 225 30 40 . 134 114 Remotely . | . . . . . . Salvage Created 1171 | . 188 114 . 528 341 Parts 60 | . 9 2 . 30 19 Haulers Intercepted 2 | . . . . 1 1 Recyclers Shooed 2 | . . . . 2 . Parts Field Recycled . | . . . . . . Retrieved Matter . | . . . . . . Parts Self-Destructed . | . . . . . . Prevented . | . . . . . . Kills | -11 -10 -9 -9 -8 -7 ------- Run | Scr Mat Mat Min Mat Fac Combat Hostiles Destroyed 28 | . 4 2 . 13 9 Melee 4 | . . . . 3 1 Guns 4 | . 1 2 . 1 . AOE 20 | . 3 . . 9 8 Classes Destroyed 9 | . 1 2 . 4 2 Worker 2 | . . . . 2 . Tunneler 1 | . . . . . 1 Hauler 2 | . . . . 1 1 Recycler 2 | . . . . 1 1 Swarmer 3 | . . . . 2 1 Grunt 18 | . 4 . . 8 6 Duelist 2 | . . 1 . 1 . Sentry 4 | . . 1 . 2 1 Programmer 1 | . . . . . 1 Best Kill Streak 11 | . 4 1 . 11 5 Combat Bots Only 8 | . 4 1 . 8 5 Max Kills in Single Turn 5 | . 2 1 . 5 2 Gunslinging . | . . . . . . Exploded 3 | . 2 . . 3 2 Melee 1 | . . . . 1 1 Uniques/NPCs Destroyed . | . . . . . . Combat | -11 -10 -9 -9 -8 -7 -------- Run | Scr Mat Mat Min Mat Fac Damage Taken 3942 | . 221 600 143 790 2188 Core 1091 | . 53 117 46 174 701 Absorbed by Shields . | . . . . . . Core Remaining (%) 76 | 100 78 . 59 68 . Volleys Fired 52 | . 6 9 . 19 18 Largest 2 | . 2 2 . 1 1 Hottest 122 | . 80 122 . 30 39 Shots Fired 67 | . 12 18 . 19 18 Gun 42 | . 12 18 . 8 4 Cannon . | . . . . . . Launcher 25 | . . . . 11 14 Special . | . . . . . . Kinetic 12 | . . . . 8 4 Thermal 18 | . . 18 . . . Explosive 25 | . . . . 11 14 Electromagnetic 12 | . 12 . . . . Robot Hit Streak 30 | . 12 18 . 26 30 Robot Miss Streak 1 | . . 1 . . 1 Penetration Max . | . . . . . . Secondary Targets . | . . . . . . Shots Hit Robots 72 | . 12 15 . 22 23 Core Hits 77 | . 7 3 . 40 27 Critical Hits . | . . . . . . Critical Kills . | . . . . . . Critical Parts Destroyed . | . . . . . . Melee Attacks 11 | . . . . 3 8 Impact . | . . . . . . Slashing 11 | . . . . 3 8 Piercing . | . . . . . . Sneak Attacks 2 | . . . . . 2 Combat Hostiles . | . . . . . . Follow-up Attacks . | . . . . . . Damage Inflicted 3140 | . 309 301 . 1049 1481 Guns 535 | . 144 300 . 59 32 Cannons . | . . . . . . Explosions 2069 | . 165 . . 832 1072 Melee 447 | . . . . 70 377 Ramming 89 | . . 1 . 88 . Kinetic 91 | . . . . 59 32 Thermal 486 | . 165 300 . 21 . Explosive 1883 | . . . . 811 1072 Electromagnetic 144 | . 144 . . . . Impact . | . . . . . . Slashing 447 | . . . . 70 377 Piercing . | . . . . . . Highest Corruption 4 | . . . . . 4 Average Corruption 4 | . . . . . 4 Corruption Purged . | . . . . . . Effects 1 | . . . . . 1 Message Errors 1 | . . . . . 1 Overload Shots . | . . . . . . Overflow Damage 144 | . . . . . 144 Projectiles . | . . . . . . Explosions 38 | . . . . . 38 Melee 106 | . . . . . 106 Knockbacks . | . . . . . . Impact . | . . . . . . Kinetic . | . . . . . . Secondary . | . . . . . . Self-Inflicted Damage 107 | . . . . 107 . Shots 5 | . . . . 5 . Rammed 10 | . . . . 10 . Targets Rammed 41 | . . 1 . 40 . Kicked 31 | . . 1 . 30 . Crushed . | . . . . . . Highest Temperature 282 | . 189 282 . . 17 Average Temperature 111 | . 94 139 . . 5 Received Heat Transfer 1854 | . 168 441 132 270 843 Effects 2 | . . 2 . . . Interference 2 | . . 2 . . . Siege Activations . | . . . . . . Robots Corrupted . | . . . . . . Combat Hostiles . | . . . . . . Parts Fried . | . . . . . . Impact Corruptions . | . . . . . . Robots Melted . | . . . . . . Combat Hostiles . | . . . . . . Parts Melted . | . . . . . . Heat Transferred 805 | . 200 555 . 50 . Parts Sabotaged . | . . . . . . Parts Stolen . | . . . . . . Parts Stripped . | . . . . . . Power Chain Reactions 2 | . 2 . . . . Missiles Intercepted . | . . . . . . Alert | -11 -10 -9 -9 -8 -7 ------- Run | Scr Mat Mat Min Mat Fac Peak Influence 456 | . 112 117 36 456 364 Initial 150 | . . 27 21 9 150 Average 164 | . 42 73 25 326 180 Maximum Alert Level 2 | . . . . 2 1 Low Security (%) 67 | 100 100 100 100 14 69 Level 1 25 | . . . . 57 30 Level 2 6 | . . . . 27 . Level 3 . | . . . . . . Level 4 . | . . . . . . Level 5 . | . . . . . . High Security . | . . . . . . Max Security . | . . . . . . Squads Dispatched 6 | . . . . 2 4 Investigation 1 | . . . . . 1 Extermination 1 | . . . . . 1 Reinforcement 4 | . . . . 2 2 Assault . | . . . . . . Garrison . | . . . . . . Intercept . | . . . . . . Construction Impeded . | . . . . . . Haulers Reinforced . | . . . . . . Stealth | -11 -10 -9 -9 -8 -7 --------- Run | Scr Mat Mat Min Mat Fac Distress Signals 3 | . 1 . . . 2 Communications Jammed . | . . . . . . Distress Signals . | . . . . . . Times Spotted 52 | . 7 7 2 17 19 Peak Tracking Total 7 | . 6 5 2 5 7 Tactical Retreats 3 | . . . . 1 2 Traps | -11 -10 -9 -9 -8 -7 ------- Run | Scr Mat Mat Min Mat Fac Traps Triggered 3 | . 1 . . 1 1 Indirectly . | . . . . . . Trap Hack Attempts . | . . . . . . Triggered . | . . . . . . Disarmed . | . . . . . . Reprogrammed . | . . . . . . Reused . | . . . . . . Traps Extracted . | . . . . . . Installed . | . . . . . . Triggered . | . . . . . . Machines | -11 -10 -9 -9 -8 -7 ---------- Run | Scr Mat Mat Min Mat Fac Machines Disabled 4 | . . . . 3 1 Max in Single Turn 2 | . . . . 2 1 Machines Sabotaged . | . . . . . . Garrisons Compromised . | . . . . . . Overloaded Fab Kills . | . . . . . . Fab Network Shutdowns . | . . . . . . Hacking | -11 -10 -9 -9 -8 -7 --------- Run | Scr Mat Mat Min Mat Fac Machines Accessed 1 | . 1 . . . . Terminals 1 | . 1 . . . . Fabricators . | . . . . . . Repair Stations . | . . . . . . Recycling Units . | . . . . . . Scanalyzers . | . . . . . . Garrison Access . | . . . . . . Total Hacks 1 | . 1 . . . . Successful 1 | . 1 . . . . Failed . | . . . . . . Catastrophic . | . . . . . . Database Lockouts . | . . . . . . Manual 1 | . 1 . . . . Terminals 1 | . 1 . . . . Fabricators . | . . . . . . Repair Stations . | . . . . . . Recycling Units . | . . . . . . Scanalyzers . | . . . . . . Garrison Access . | . . . . . . Terminal Hacks 1 | . 1 . . . . Level Access Points 1 | . 1 . . . . Fabricator Hacks . | . . . . . . Repair Station Hacks . | . . . . . . Recycling Unit Hacks . | . . . . . . Scanalyzer . | . . . . . . Garrison Access Hacks . | . . . . . . Unauthorized Hacks . | . . . . . . Terminals . | . . . . . . Fabricators . | . . . . . . Repair Stations . | . . . . . . Recycling Units . | . . . . . . Scanalyzers . | . . . . . . Garrison Access . | . . . . . . Data Cores Recovered . | . . . . . . Used . | . . . . . . Hacking Detections . | . . . . . . Full Trace Events . | . . . . . . Feedback Events . | . . . . . . Feedback Blocked . | . . . . . . Robot Schematics Acquired . | . . . . . . Robots Built . | . . . . . . Matter . | . . . . . . Time . | . . . . . . Total Robot Build Rating . | . . . . . . Part Schematics Acquired . | . . . . . . Parts Built . | . . . . . . Matter . | . . . . . . Time . | . . . . . . Total Part Build Rating . | . . . . . . Parts Repaired . | . . . . . . Time . | . . . . . . Parts Recycled . | . . . . . . Recycled Matter . | . . . . . . Retrieved Matter . | . . . . . . Retrieved Components . | . . . . . . Parts Scanalyzed . | . . . . . . Part Schematics Acquired . | . . . . . . Parts Damaged . | . . . . . . Bothacking | -11 -10 -9 -9 -8 -7 ------------ Run | Scr Mat Mat Min Mat Fac Used RIF Installer . | . . . . . . Robots Hacked . | . . . . . . Non-combat . | . . . . . . Combat . | . . . . . . Robot Hacks Applied . | . . . . . . Relay Couplers Released . | . . . . . . Robots Rewired . | . . . . . . Allies Hacked . | . . . . . . Hacks Repelled . | . . . . . . Allies | -11 -10 -9 -9 -8 -7 -------- Run | Scr Mat Mat Min Mat Fac Total Allies . | . . . . . . Largest Group . | . . . . . . Highest-Rated Group . | . . . . . . Highest-Rated Ally . | . . . . . . Total Orders . | . . . . . . Ally Attacks . | . . . . . . Total Damage . | . . . . . . Kills . | . . . . . . Allies Corrupted . | . . . . . . Allies Melted . | . . . . . . Intel | -11 -10 -9 -9 -8 -7 ------- Run | Scr Mat Mat Min Mat Fac Robot Analysis Total . | . . . . . . Derelict Logs Recovered . | . . . . . . Drone Launches . | . . . . . . Drone Recoveries . | . . . . . . Exploration | -11 -10 -9 -9 -8 -7 ------------- Run | Scr Mat Mat Min Mat Fac Turns Passed 1411 | 62 125 157 166 335 566 Spaces Moved 896 | 42 87 94 138 181 354 Core 11 | 9 . . . . 2 Treads . | . . . . . . Legs 874 | 33 87 94 138 181 341 Wheels . | . . . . . . Hover . | . . . . . . Flight 11 | . . . . . 11 Fastest Speed 50 | 50 120 120 120 120 88 Average Speed 124 | 113 120 120 120 124 131 Slowest Speed 425 | 250 120 120 120 150 425 Overloaded Moves . | . . . . . . Propulsion Burnouts . | . . . . . . Robots Hopped . | . . . . . . Cave-ins Triggered . | . . . . . . Exploration Rate (%) 21 | 4 27 14 40 26 16 Regions Visited 5 Branch Regions 1 Pre-discovered Areas . | . . . . . . Known Exits Taken 5 | 1 1 1 1 1 . Unknown Exits Taken . | . . . . . . Scrap Searched . | . . . . . . Spaces Dug . | . . . . . . Terrain Destroyed 219 | . 5 . . 65 149 Melee . | . . . . . . Projectile . | . . . . . . AOE 219 | . 5 . . 65 149 Terrain Rammed . | . . . . . . Walls Destroyed . | . . . . . . Machines Disabled . | . . . . . . Actions | -11 -10 -9 -9 -8 -7 --------- Run | Scr Mat Mat Min Mat Fac Total 1096 | 56 95 121 138 261 425 Wait 17 | . . 1 . 2 14 Move 891 | 41 86 93 137 180 354 Hop . | . . . . . . Pick Up 40 | 9 3 10 1 7 10 Fast Attach 5 | . . . . 1 4 Attach 30 | 6 . 5 . 8 11 Detach . | . . . . . . Swap 2 | . . . . . 2 Drop 7 | . . 2 . 1 4 Fire 52 | . 6 9 . 19 18 Melee 11 | . . . . 3 8 Ram . | . . . . . . Kick 41 | . . 1 . 40 . Crush . | . . . . . . Escape Stasis . | . . . . . . Rewire . | . . . . . . Trap . | . . . . . . Miscellaneous . | . . . . . . Route ------- -11/Scrapyard -10/Materials (discovered 3 exits: *Mat x3) -9/Materials -9/Mines -8/Materials -7/Factory (discovered 1 exit: *Low) History --------- Turn | Location | Event 18 | -11/Scrapyard | Identified exit to Materials 18 | -11/Scrapyard | Discovered exit to Materials (range 15) 63 | -11/Scrapyard | Entered Materials 63 | -10/Materials | Evolved 1 slot: Power x1 72 | -10/Materials | Identified exit to Materials 188 | -10/Materials | Entered another Materials area 188 | -9/Materials | Evolved 2 slots: Propulsion x2 300 | -9/Materials | Build established: Hacker-Mutant 306 | -9/Materials | Identified exit to Mines 306 | -9/Materials | Discovered exit to Mines (range 9) 345 | -9/Materials | Entered Mines 371 | -9/Mines | Lost 4 parts (2n2w) 384 | -9/Mines | YI-UF0 nonchalantly dropped a Grenade Launcher on the ground 501 | -9/Mines | Identified exit to Materials 501 | -9/Mines | Discovered exit to Materials (range 9) 511 | -9/Mines | Entered Materials 511 | -8/Materials | Evolved 2 slots: Propulsion x2 586 | -8/Materials | Destroyed 8 combat bots 773 | -8/Materials | Lost 3 parts (2n1w) 841 | -8/Materials | Identified exit to Factory 841 | -8/Materials | Discovered exit to Factory (range 4) 846 | -8/Materials | Entered Factory 846 | -7/Factory | Evolved 2 slots: Utility x2 1217 | -7/Factory | Identified exit to Lower Caves 1217 | -7/Factory | Discovered exit to Lower Caves (range 15) 1369 | -7/Factory | Core integrity fell below 50% 1387 | -7/Factory | Core integrity fell below 20% 1399 | -7/Factory | Lost 9 parts (3p4n2w) 1412 | -7/Factory | Destroyed by Y-54 Guardian with Flak Gun Last Messages --------------- 01360_ Acquired Prototype Flight Unit. 01360_ U-05 Engineer builds a Wall. 01361_ Identified Cld. VTOL Module. 01361_ Malfunction: System corrupted (+4). 01362_ U-05 Engineer lays Concrete. 01362_ Dropped Faulty Cld. VTOL Module. 01364_ K-01 Serf destroyed. 01366_ The unstable cave ceiling collapses. 01366_ Lgt. Nuclear Core destroyed. 01368_ Dropped Sml. Storage Unit. 01368_ Dropped Med. Storage Unit. 01368_ Lgt. Nuclear Core destroyed. 01369_ Acquired Cld. VTOL Module. 01371_ The unstable cave ceiling collapses. 01374_ U37ORBDB&M L1MCR,IV VXFDON%93Y 01375_ Acquired Cld. VTOL Module. 01378_ U-05 Engineer builds a Wall. 01382_ U-05 Engineer lays Concrete. 01383_ U-05 Engineer builds a Wall. 01384_ Acquired Cld. VTOL Module. Map ----- +----------------------------------------------------+ | ?????????????????????????????????????????????????? | | ?????????????????????????????????????????????????? | | ?????????????????????????????????????????????????? | | ?????????????????????????????????????????????????? | | ?????????????????????????????????????????????????? | | ?????????????????????????????????????????????????? | | ?????????????????????????????????????????????????? | | ?????????????????????????????????????????????????? | | ?????????????????????????????????????????????????? | | ?????????????????????????????????????????????????? | | ??????????????????????? ???????????????????????? | | ????????????????????? ???????????????????????? | | ?????????????????? ???????????????????????? | | ???????????????? ???????????????????????? | | ???????????????? ???????????????????????? | | ????????????????? ???????????????????????? | | ?????????????????? ???????????????????????? | | ??????????????????# #??????????????????????? | | ??????????????????# #??????????????????????? | | ??????????????????# #??????????????????????? | | ??????????????????# #########+##+##????????? | | ??????????????????# ## #????????? | | ??????????????????# ## ! #????????? | | ????????????####### ## = " #????????? | | ??????????# # % " #????????? | | ??????????# @ #! ! " [ #????????? | | ??????????# # " #????????? | | ??????????# ^ Y " ##???????? | | ??????????? # Y = " #???????? | | ??????????? # YY " """ ##???????? | | ???????????? ^"""" #! " Y" #????????? | | ??????????? """" # " """ #????????? | | ??????????? """" # #????????? | | ??????????? """" ### # #########?????? | | ?????????? """" # #?????? | | ?????????? """" # """" ####### | | ??????????? # ""S"" ## | | ??????????? # "" "" ## | | ??????????? "" # # ## | | ???????????? "" ### ## """ | | ???????????????# "T ######+# ##+### """ | | ???????????????# "" ^ # """ | | ???????????????# "" = ^ + | | ???????????????# % ^ # """ | | ???????????????# ### # ###### """ | | ???????????????# #########+### ????# """ | | ???????????????# #????????? ! ????# | | ???????????????# #????????? ! ???# | | ???????????????# #???????? =## # ???###### | | ???????????????# #?????????"" ?### """" ???????? | +----------------------------------------------------+ Best States ------------- Heat Dissipation 34 Energy Generation 23 Energy Capacity 250 Matter Stores 300 Matter Capacity 300 Sight Range 16 Terrain Scan Density 10 Resistance: KI 35 Resistance: TH 35 Resistance: EX 35 Resistance: EM 35 Resistance: I 35 Resistance: S 35 Resistance: P 35 Evasion (%) 40 Offensive Hacking 20 Item Schematics ----------------- None Robot Schematics ------------------ None Fabricated ------------ Nothing Alien Tech Used ----------------- None Achievements -------------- None Challenges ------------ None Game ------ Seed FusionColdShield Manual? 0 Play Time 00:19:06 Cumulative 37.7 hours Start 2022.01.15 @ 21:45:55 End 2022.01.15 @ 22:02:49 Sessions 1 Manual Loads 0 Difficulty Explorer Special Mode None Game No. 40 Rogue 1 Adventurer 0 Explorer 39 Win Type - Total 2 Types 2/0/0/0/0/0/0/0/0 Lore% 11 Gallery% 41 Achievement% 30 Wizard Run 0 Options --------- ASCII 0 Keyboard 0 Movement Numpad Keybinds 0 Fullscreen 1 Font 12/Smallcaps Map View 83x54 Tactical HUD 1 Map Filters NONE Filters NONE Steam 1 RUN: a66585ac-e802-42db-ae86-37a73bdcc423